 Dungeon Crawl Stone Soup version 0.18-a0-1788-g92de1ac (webtiles) character file.

19 macross the Grave Robber (level 2, 0/19 HPs)
             Began as a Vampire Necromancer on Apr 21, 2016.
             Succumbed to an adder's poison
             ... on level 2 of the Dungeon.
             The game lasted 00:04:36 (943 turns).

macross the Grave Robber (Vampire Necromancer)       Turns: 943, Time: 00:04:37

Health: 0/19       AC:  2    Str:  7    XL:     2   Next: 55%
Magic:  1/5        EV: 13    Int: 17    God:
Gold:   39         SH:  0    Dex: 14    Spells: 2 memorised, 3 levels left

rFire  . . .     SeeInvis +     (no weapon)
rCold  . . .     Gourm    .     a - +0 robe
rNeg   . . .     Faith    .     (no shield)
rPois  .         Spirit   .     (no helmet)
rElec  .         Dismiss  .     (no cloak)
rCorr  .         Reflect  .     (no gloves)
SustAt .         Harm     .     (no boots)
MR     .....                    (no amulet)
Stlth  ++........               (no ring)
                                (no ring)

@: lethally poisoned (0 -> -2), very slightly contaminated, regenerating
quickly, not resistant to hostile enchantments, unstealthy
A: fangs 3, see invisible, unbreathing
a: no special abilities


You were on level 2 of the Dungeon.
You were full.

You visited 1 branch of the dungeon, and saw 3 of its levels.

You collected 39 gold pieces.

Inventory:

Armour
 a - a +0 robe (worn)
Potions
 d - 3 potions of brilliance {unknown}
 e - 2 potions of heal wounds {unknown}
Books
 b - a book of Necromancy

   Spells                             Type                      Level
   a - Pain                           Necromancy                   1
   b - Animate Skeleton               Necromancy                   1
   c - Vampiric Draining              Necromancy                   3
   d - Regeneration                   Charms/Necromancy            3
   e - Animate Dead                   Necromancy                   4
   f - Control Undead                 Necromancy                   4


   Skills:
 + Level 2.4 Dodging
 + Level 3.1 Stealth
 + Level 2.3 Spellcasting
 + Level 4.8 Necromancy


You had 3 spell levels left.
You knew the following spells:

 Your Spells              Type           Power        Failure   Level  Hunger
a - Pain                  Necr           ###.         2%          1    #......
b - Animate Skeleton      Necr           N/A          2%          1    #......


Dungeon Overview and Level Annotations

Branches:
Dungeon (3/15)

Altars:


Innate Abilities, Weirdness & Mutations

Your natural rate of healing is unusually fast.
You have razor-sharp teeth.
You have supernaturally acute eyesight.
You can survive without breathing.


Message History

There is a lethal amount of poison in your body!
There is a lethal amount of poison in your body!
There is a lethal amount of poison in your body!
There is a lethal amount of poison in your body!
There is a lethal amount of poison in your body!
What do you say? t - Shout!
Orders for allies: a - Attack new target. r - Retreat! s - Stop attacking. w - Wait here. f - Follow me.
Anything else - Stay silent.
You shout for attention!
What do you say? t - Shout!
Orders for allies: a - Attack new target. r - Retreat! s - Stop attacking. w - Wait here. f - Follow me.
Anything else - Stay silent.
You shout for attention!
You die...

..... ..##+# .....
#....+ ..... #..#.#
..... #.#.###########...
#.................
#...........# #...
..#####.Z.........+....#
.......@Z>........## #
..................# #
..%...............# #
..................##+###
#######+#.##............
#.##............
..##.....)......
##.##............
#########.#..


You could see 2 friendly hobgoblin skeletons.

Vanquished Creatures
  A giant cockroach (D:2)
  A goblin (D:1)
  2 hobgoblins (D:2)
  2 kobolds
  A bat (D:1)
  2 giant newts (D:1)
9 creatures vanquished.

Vanquished Creatures (collateral kills)
  An adder (D:2)
  A rat (D:2)
2 creatures vanquished.

Grand Total: 11 creatures vanquished

Notes
Turn   | Place    | Note
--------------------------------------------------------------
     0 | D:1      | macross the Vampire Necromancer began the quest for the Orb.
     0 | D:1      | Reached XP level 1. HP: 13/13 MP: 3/3
    20 | D:1      | Learned a level 1 spell: Animate Skeleton
   714 | D:2      | Reached XP level 2. HP: 14/19 MP: 1/5
   943 | D:2      | Succumbed to an adder's poison

Vault maps used:
D:1:      saegor_arrival_simple_b, minmay_fountain_box
D:2:      nicolae_ru_awakened_eye
D:3:      grunt_gozag_breadcrumbs, first_bread, mrwooster_statue_mirror,
          minmay_misc_feat_five, minmay_bisected, uniq_terence

Action                   || total
-------------------------++-------
Melee: Unarmed           ||     5
 Cast: Pain              ||    20
       Animate Skeleton  ||     4
  Use: Potion            ||     1
  Eat: Corpse            ||     4
Armor: Robe              ||    12
Dodge: Dodged            ||    24
